 Dungeon Crawl Stone Soup version 0.22-a0-833-g8522bf8 (webtiles) character file.

56 inc the Vexing (level 3, -2/14 HPs)
             Began as a Felid Enchanter on July 25, 2018.
             Killed from afar by Sigmund (6 damage)
             ... with a magic dart
             ... on level 2 of the Dungeon.
             The game lasted 00:03:45 (2200 turns).

inc the Vexing (Felid Enchanter)                    Turns: 2200, Time: 00:03:45

Health: -2/14      AC:  1    Str:  4    XL:     3   Next: 71%
Magic:  7/7        EV: 18    Int: 17    God:
Gold:   58         SH:  0    Dex: 16    Spells: 3/6 levels left
                                        Lives:  0   Deaths: 0

rFire    . . .     SeeInvis +     - Unarmed
rCold    . . .     Gourm    .   (shield unavailable)
rNeg     . . .     Faith    .   (armour unavailable)
rPois    .         Spirit   .   (helmet unavailable)
rElec    .         Reflect  .   (cloak unavailable)
rCorr    .         Harm     .   (gloves unavailable)
MR       .....                  (boots unavailable)
Stlth    +++.......             (no amulet)
HPRegen  0.04/turn              (no ring)
MPRegen  0.10/turn              (no ring)

@: quick
A: very small, no armour, no weapons or thrown items, stealth, claws 1, fangs 3,
see invisible, carnivore, speed 1, shaggy fur 1, slow metabolism 1, sharp paws
a: no special abilities


You were on level 2 of the Dungeon.
You were full.

You visited 1 branch of the dungeon, and saw 2 of its levels.

You collected 58 gold pieces.

Inventory:

Wands
 h - a wand of scattershot (4)
Scrolls
 a - a scroll of random uselessness {unknown}
 d - 2 scrolls of identify {unknown}
 i - a scroll of teleportation {unknown}
 j - a scroll of amnesia {unknown}
Potions
 c - a potion of agility {unknown}
 e - 2 potions of degeneration {unknown}
 f - 2 potions of might {unknown}
 g - a potion of haste {unknown}
 k - a potion of heal wounds {unknown}
Comestibles
 b - a ration


   Skills:
 - Level 2.6 Dodging
 + Level 4.5 Stealth
 + Level 2.6 Unarmed Combat
 - Level 2.0 Spellcasting
 - Level 4.9 Hexes
 - Level 1.0 Ice Magic


You had 3 spell levels left.
You knew the following spells:

 Your Spells              Type           Power        Failure   Level  Hunger
a - Corona                Hex            ###....      2%          1    #......
b - Ensorcelled Hibernat  Hex/Ice        ##....       9%          2    ###....

Your spell library contained the following spells:

 Spells                   Type           Power        Failure   Level  Hunger
 Confuse                  Hex            ###.....     8%          3    ###....
 Tukima's Dance           Hex            ###.....     8%          3    ###....
 Dazzling Spray           Conj/Hex       ##....       22%         3    ###....


Dungeon Overview and Level Annotations

Branches:
Dungeon (2/15)

Altars:
Hepliaklqana

Annotations:
D:2 Sigmund


Innate Abilities, Weirdness & Mutations

You cannot wear armour.
You are incapable of wielding weapons or throwing items.
Your paws allow you to move quietly. (Stealth)
You have sharp claws.
You have razor-sharp teeth.
You have supernaturally acute eyesight. (SInv)
You are carnivorous and can eat meat at any time.
You cover ground quickly.
You are covered in fur. (AC +1)
You have a slow metabolism.
Your sharp claws are effective at attacking unaware monsters.


Message History

The magic dart hits you!
You bump into the rock wall.
Sigmund gestures at you while chanting. The puff of flame misses you.
You feel less confused. Sigmund casts a spell at you.
You are confused.
You're too confused to move!
You bump into the rock wall.
You bump into the rock wall.
Sigmund hits you from afar with a scythe.
* * * LOW HITPOINT WARNING * * *
There is a stone staircase leading up here.
In your confused state, you trip and fall back down the stairs.
* * * LOW HITPOINT WARNING * * *
Sigmund closely misses you.
You feel less confused. Sigmund gestures at you while chanting.
The magic dart hits you!
You die...

...........[..>...#
#......#.)...#.##.#
.......#.....#.##.# ..
.......#.....#.##.###.###
....÷..#######.#.........
.......# #.#...##.### .......#
####.#.#.# .# .(.....#
#....#.#.##.##### # .##.####
#.....@.@.......S.. .##.##
#....####.#.###.#.## .##..###
.............(......
##.....#############..###.#.####
..##.##....#####.###..###......
###...####..##...#†#.#......#
...#.....†)...##.##.####@..####
#..###..####...#.###...........#.
... #........##.## #.###..#......


You could see Sigmund.

Vanquished Creatures
  An adder (D:2)
  An ooze (D:2)
  2 worms (D:2)
  A dart slug (D:1)
  2 giant cockroaches
  5 hobgoblins (D:1)
  4 jackals (D:1)
  A quokka (D:2)
  4 bats (D:1)
  3 frilled lizards
  3 goblins
  3 kobolds
  4 rats
34 creatures vanquished.

Notes
Turn   | Place    | Note
-------+----------+-------------------------------------------
     0 | D:1      | inc the Felid Enchanter began the quest for the Orb.
     0 | D:1      | Reached XP level 1. HP: 7/7 MP: 4/4
   384 | D:1      | Reached XP level 2. HP: 11/11 MP: 4/6
   388 | D:1      | Learned a level 2 spell: Ensorcelled Hibernation
  1596 | D:2      | Reached skill level 1 in Ice Magic
  1675 | D:2      | Found a hazy altar of Hepliaklqana.
  1685 | D:2      | Reached XP level 3. HP: 9/14 MP: 2/7
  2171 | D:2      | Noticed Sigmund
  2200 | D:2      | Killed from afar by Sigmund

Vault maps used:
D:1:      lightli_arrival_isolated_outpost, corexii_hall_statues_x
D:2:      wad_crossroads, overflow_temple_1_default, trog_hazing_becter,
          uniq_sigmund, uniq_terence

Skill      XL: |  1  2 |
---------------+-------+-----
Unarmed Combat | 2 |  2.6
Ice Magic      | 1 |  1.0
Dodging        | |  2.6
Stealth        | |  4.5
Spellcasting   | |  2.0
Hexes          | |  4.9

Action                   || total
-------------------------++-------
Melee: Unarmed           ||    61
       Bite              ||     4
 Cast: Corona            ||    12
       Ensorcelled Hiber ||    28
 Stab: Sleeping          ||    27
  Eat: Chunk             ||     8
Armor: Skin              ||     3
Dodge: Dodged            ||    36

Table legend:
 A = Spawn XP
 B = Non-spawn XP
 C = Spawn XP percentage of total XP
 D = Spawn monster count
 E = Non-spawn monster count
 F = Spawn count percentage of total count
 G = Total turns spent on level
                    A         B        C        D         E        F      G
               +---------+---------+-------+---------+---------+-------+---------
         Total |       0 |      81 |   0.0 |       0 |      34 |   0.0 |  2200
               +---------+---------+-------+---------+---------+-------+---------
           D:1 |       0 |      37 |   0.0 |       0 |      21 |   0.0 |  1569
           D:2 |       0 |      44 |   0.0 |       0 |      13 |   0.0 |   631
               +---------+---------+-------+---------+---------+-------+---------
